 Dungeon Crawl Stone Soup version 0.29-a0-356-g7bc237e783 (webtiles) character file.

Game seed: 10803115355729725463

30629 Shayle the Zephyrmancer (level 13, -25/83 HPs)
             Began as a Tengu Brigand on Apr 25, 2022.
             Was a Follower of Ashenzari.
             Annihilated by Rupert
             ... wielding a +4 great mace of holy wrath
              (31 damage)
             ... on level 6 of the Lair of Beasts on Apr 26, 2022.
             The game lasted 01:10:01 (21981 turns).

Shayle the Zephyrmancer (Tengu Brigand)            Turns: 21981, Time: 01:10:02

Health: -25/83     AC: 10    Str: 14    XL:     13   Next: 52%
Magic:  7/26       EV: 21    Int: 15    God:    Ashenzari [*.....]
Gold:   801        SH:  5    Dex: 21    Spells: 8/29 levels left

rFire   . . .      SeeInvis .   z - +5 dagger (venom)
rCold   . . .      Faith    .   u - +0 buckler
rNeg    . . .      Spirit   .   r - +0 ring mail
rPois   +          Reflect  .   E - +2 hat of Ashenzari's Discomfort {Fort, Alch} (curse)
rElec   .          Harm     .   c - +2 cloak "Yoke of Ashenzari" {Cun, Elem} (curse)
rCorr   .          Rampage  .   (no gloves)
Will    .....                   (boots unavailable)
Stlth   +++.......              (no amulet)
HPRegen 0.23/turn               x - +6 ring of dexterity
MPRegen 0.20/turn               B - ring of poison resistance

@: flying quickly and evasively, quick
A: beak, talons 3, nimble flight
a: Renounce Religion, Curse Item, Shatter the Chains


You were on level 6 of the Lair of Beasts.
You worshipped Ashenzari.
Ashenzari was aware of your devotion.
You visited 3 branches of the dungeon, and saw 17 of its levels.

You collected 894 gold pieces.
You spent 93 gold pieces at shops.

Inventory:

Hand Weapons
 h - a +2 mace of holy wrath
 w - a +2 vorpal spear
 z - a +5 dagger of venom (weapon)
Missiles
 d - 33 poisoned darts
 e - 2 curare-tipped darts (quivered)
Armour
 b - a +0 robe
 c - the cursed +2 cloak "Yoke of Ashenzari" (worn) {Cun, Elem}

   It has a curse which improves the following skills: Cunning: Dodging and
   Stealth.
   Elements:  Fire Magic, Ice Magic, Air Magic and Earth Magic.
 r - a +0 ring mail (worn)
 u - a +0 buckler (worn)
 y - the +0 ring mail "Odghalup" {+Inv Regen+ Slay+2}
   (You took it off a goblin on level 3 of the Dungeon)

   Slay:      It affects your accuracy & damage with ranged weapons and melee
   (+2).
   +Inv:      It lets you turn invisible.
   Regen:     It increases your rate of health regeneration.
 E - the cursed +2 hat of Ashenzari's Discomfort (worn) {Fort, Alch}
   (You found it on level 6 of the Dungeon)

   It has a curse which improves the following skills: Fortitude: Armour and
   Shields.
   Alchemy:   Poison Magic and Transmutations.
 L - +0 steam dragon scales
 M - +0 acid dragon scales
Jewellery
 x - a +6 ring of dexterity (left hand)
 B - a ring of poison resistance (right hand)
 F - an amulet of regeneration
 H - a ring of fire
 I - an amulet of magic regeneration
Wands
 g - a wand of digging (4)
 t - a wand of iceblast (11)
 J - a wand of mindburst (6)
 Q - a wand of polymorph (11)
Scrolls
 a - 2 scrolls of enchant weapon
 j - a scroll of fear
 m - 3 scrolls of immolation
 v - 14 scrolls of teleportation
 D - 2 scrolls of amnesia
 O - 3 scrolls of identify
 P - a scroll of magic mapping
 S - 2 scrolls of noise
Potions
 f - 7 potions of curing
 i - 3 potions of flight
 k - a potion of invisibility
 l - 5 potions of attraction
 n - 4 potions of resistance
 o - 4 potions of mutation
 p - 3 potions of berserk rage
 q - 4 potions of haste
 s - 4 potions of might
 A - 2 potions of cancellation
 C - a potion of lignification
 G - 2 potions of brilliance
 K - 4 potions of heal wounds
Miscellaneous
 N - a tin of tremorstones (2/2)
 R - a condenser vane (inert)


   Skills:
 + Level 10.5 Fighting
 - Level 2.1 Short Blades
 - Level 2.0 Throwing
 + Level 10.5(11.4) Dodging
 + Level 4.7(5.5) Stealth
 + Level 2.0(2.7) Shields
 + Level 8.7 Spellcasting
 * Level 8.7 Conjurations
 + Level 1.8(2.4) Transmutations
 + Level 3.6(4.4) Fire Magic
 * Level 6.0(6.8) Ice Magic
 + Level 12.2(13.0) Air Magic
 + Level 1.7(2.3) Earth Magic
 + Level 2.0(2.7) Poison Magic
 + Level 4.0 Evocations


You had 8 spell levels left.
You knew the following spells:

 Your Spells              Type           Power      Damage    Failure   Level
a - Airstrike             Air            22%        N/A       1%          4
b - Freezing Cloud        Conj/Ice/Air   17%        6-21      17%         5
c - Foxfire               Conj/Fire      100%       2x1d9     1%          1
d - Fireball              Conj/Fire      13%        3d7       50%         5
e - Iron Shot             Conj/Erth      11%        9d3       99%         6

Your spell library contained the following spells:

 Spells                   Type           Power      Damage    Failure   Level
 Shock                    Conj/Air       100%       1d9       1%          1
 Poisonous Vapours        Pois/Air       60%        N/A       1%          2
 Static Discharge         Conj/Air       39%        N/A       1%          2
 Swiftness                Air            45%        N/A       1%          3
 Corpse Rot               Necr/Air       52%        N/A       3%          2
 Conjure Flame            Conj/Fire      26%        6-21      6%          3
 Stone Arrow              Conj/Erth      46%        3d9       10%         3
 Beastly Appendage        Tmut           26%        N/A       12%         1
 Sandblast                Erth           26%        2d8       12%         1
 Passwall                 Tmut/Erth      10%        N/A       17%         2
 Wereblood                Tmut           13%        N/A       17%         2
 Flame Wave               Conj/Fire      26%        2d7       21%         4
 Iskenderun's Battlesphe  Conj           32%        2d8       24%         5
 Slow                     Hex            24%        N/A       30%         1
 Spider Form              Tmut/Pois      14%        N/A       32%         3
 Inner Flame              Hex/Fire       13%        N/A       36%         3
 Conjure Ball Lightning   Conj/Air       19%        3x3d6     47%         6
 Confusing Touch          Hex            6%         N/A       67%         3
 Portal Projectile        Hex/Tloc       12%        N/A       67%         3
 Vampiric Draining        Necr           6%         2d6       67%         3
 Olgreb's Toxic Radiance  Pois           14%        N/A       71%         4
 Animate Armour           Summ/Erth      20%        N/A       88%         4
 Dispel Undead            Necr           6%         3d8       97%         4
 Blade Hands              Tmut           6%         N/A       97%         5
 Lee's Rapid Deconstruct  Erth           6%         3d7*      97%         5
 Excruciating Wounds      Necr           3%         N/A       100%        5
 Death Channel            Necr           3%         N/A       100%        6
 Orb of Destruction       Conj           16%        9d7       100%        7
 Ozocubu's Refrigeration  Ice            13%        4d7       100%        7
 Spellforged Servitor     Conj/Summ      9%         N/A       100%        7
 Ignition                 Fire           9%         3d5       100%        8


Dungeon Overview and Level Annotations

Branches:
Dungeon (10/15)            Temple (1/1) D:4            Lair (6/6) D:9
 Shoals (0/4) Lair:3        Snake (0/4) Lair:2        Slime (0/5) Lair:5
    Orc (0/2) D:10

Altars:
Ashenzari
Dithmenos
Elyvilon
Hepliaklqana
Kikubaaqudgha
Nemelex Xobeh
Okawaru
Qazlal
Ru
Sif Muna
Uskayaw
Vehumet
Wu Jian
Xom
Yredelemnul
Zin
Jiyva

Shops:
D:1 !([[(   D:4 =**=*   D:10 *

Annotations:
D:4 2 transporters, zeratav's ghost, amateur OpCj
D:9 3 runed translucent doors, zeratav's ghost, novice OpCj
Lair:6 Rupert


Innate Abilities, Weirdness & Mutations

You have a beak for a mouth.
You have claws for feet.
Your magical nature lets you fly swiftly and evasively.


Message History

Rupert roars wildly at you.
You shrug off the repeated paralysis!
The water moccasin bites you but does no damage.
Rupert roars madly and goes into a rage!
Rupert goes berserk!
The water moccasin bites you but does no damage.
Rupert hits you but does no damage. The water moccasin bites you.
Rupert hits you with a +4 great mace of holy wrath!
The water moccasin bites you but does no damage.
Rupert hits you with a +4 great mace of holy wrath!!
The water moccasin bites you but does no damage.
You can move again.
Unknown command.
Okay, then.
Okay, then.
You feel much better.
Rupert hits you with a +4 great mace of holy wrath!
The water moccasin closely misses you. Rupert barely misses you.
Your magical contamination has completely faded away.
Clouds of poison gas condense around you!
The condenser dries out!
The water moccasin misses you.
Rupert hits you with a +4 great mace of holy wrath!!
The water moccasin misses you.
Unknown command.
You hit Rupert. Your kick misses Rupert.
Rupert is severely wounded.
Rupert misses you.
The water moccasin completely misses you.
Unknown command.
Aiming: Iceblast
Press: ? - help, Shift-Dir - straight line, p - Rupert The mass of ice explodes!
The iceblast engulfs Rupert!!
Rupert is almost dead.
You hear a croak.
You hear an angry hiss.
Rupert hits you with a +4 great mace of holy wrath!!
* * * LOW HITPOINT WARNING * * *
The water moccasin bites you.
* * * LOW HITPOINT WARNING * * *
Rupert hits you with a +4 great mace of holy wrath!!
You die...

............[......P..#......÷#.
...#.#........#..P.............#.
#.##..#....###....P....P.#PP..#..
..........P.#..P.P.......###..#..
........................#.....#..
.................................
...............§§§...............
.............(§§S§.^.............
..............§@@§.......÷.......
.........########..P.............
...†....## #.P.............
..##....# ....##.........
.@##....# ....##P........
...##....# ...##..........
....##$..# . ##...P.......
.....##...# #....P.......
#.....##..# .....#.......


You could see Rupert (berserk) and a water moccasin.

Vanquished Creatures
  A hydra (Lair:1)
  2 boulder beetles
  2 two-headed ogres
  Sonja (Lair:5)
  Amaemon (D:9)
  A manticore (Lair:3)
  3 elephants (Lair:6)
  4 black mambas
  An orange demon (D:9)
  A torpor snail (Lair:6)
  A guardian serpent (Lair:6)
  A kobold demonologist (D:8)
  13 cane toads
  5 komodo dragons
  An unseen horror (D:6)
  4 rime drakes
  A wind drake (Lair:3)
  2 hornets
  17 blink frogs
  7 dream sheep (Lair:6)
  13 yaks
  A shadow (D:10)
  2 basilisks (Lair:6)
  A wraith (D:8)
  7 wyverns
  A steam dragon (D:8)
  4 nagas (Lair:2)
  14 water moccasins
  An acid dragon (D:9)
  2 orc warriors (D:6)
  A swamp drake (Lair:6)
  A sky beast (D:6)
  2 black bears
  2 ice beasts
  An ogre (D:6)
  8 wolves
  3 centaurs
  9 kobold brigands
  4 gnoll sergeants (D:9)
  16 bullfrogs
  5 necrophages
  4 scorpions
  8 wights
  5 howler monkeys
  5 hounds
  5 jellies
  4 orc priests
  6 hell rats
  2 iguanas
  5 orc wizards
  Robin (D:4)
  19 gnolls
  4 adders
  A shadow imp (D:7)
  A white imp (D:7)
  An ufetubus (D:2)
  4 dart slugs
  22 orcs
  9 endoplasms
  5 giant cockroaches
  19 goblins
  6 hobgoblins
  3 jackals
  9 kobolds
  5 quokkas
  11 ball pythons
  6 bats (D:1)
  3 frilled lizards
  An orc zombie (D:10)
  7 rats
348 creatures vanquished.

Vanquished Creatures (others)
  A phantom (D:4)
  A hound (D:4)
  An adder (D:4)
  An orc (D:4)
  A kobold (D:4)
  7 foxfires
  95 fungi
  162 plants
269 creatures vanquished.

Grand Total: 617 creatures vanquished

Notes
Turn   | Place    | Note
-------+----------+-------------------------------------------
     0 | D:1      | Shayle the Tengu Brigand began the quest for the Orb.
     0 | D:1      | Reached XP level 1. HP: 12/12 MP: 2/2
    15 | D:1      | Found Zang's Antique Armour Boutique.
   237 | D:1      | Reached XP level 2. HP: 18/18 MP: 3/3
   257 | D:1      | Found Cauffov's Weapon Boutique.
   422 | D:1      | Found a faded altar of an unknown god.
   432 | D:1      | Reached XP level 3. HP: 22/22 MP: 4/4
   470 | D:1      | Found Siul's Armour Emporium.
  1182 | D:1      | Found Zofinkis's Distillery.
  1199 | D:1      | Found Momer's Weapon Shop.
  1723 | D:3      | Reached XP level 4. HP: 17/28 MP: 5/5
  2343 | D:3      | Gained mutation: Your magical nature lets you fly swiftly
                  | and evasively. [Tengu growth]
  2343 | D:3      | Reached XP level 5. HP: 30/33 MP: 6/6
  3016 | D:4      | Found Urchaew's Assorted Antiques.
  3036 | D:4      | Bought a scroll labelled YFRIMO OKUMIAM for 23 gold pieces
  3036 | D:4      | Bought a bubbling red potion for 20 gold pieces
  3096 | D:4      | Noticed a phantom
  3125 | D:4      | Noticed Robin
  3317 | D:3      | Learned a level 4 spell: Airstrike
  3443 | D:4      | Identified the +0 ring mail "Odghalup" {+Inv Regen+ Slay+2}
  3446 | D:4      | Noticed zeratav's ghost (amateur OpCj)
  3808 | D:4      | Killed Robin
  4060 | D:4      | Killed a phantom
  4108 | D:4      | Reached skill level 1 in Air Magic
  4108 | D:4      | Reached XP level 6. HP: 15/39 MP: 7/7
  4290 | D:4      | Found Ogez's Jewellery Emporium.
  4382 | D:4      | Found Xecesar's General Store.
  4386 | D:4      | Reached skill level 1 in Spellcasting
  4439 | D:4      | Found a transporter.
  4501 | D:4      | Found a transporter.
  4573 | D:4      | Found Ilovap's Jewellery Shoppe.
  4600 | D:4      | Found Xeeciad's General Store.
  4623 | D:4      | Bought a potion of heal wounds for 50 gold pieces
  4813 | D:4      | Found a staircase to the Ecumenical Temple.
  4822 | Temple   | Entered the Ecumenical Temple
  4923 | Temple   | Became a worshipper of Ashenzari the Shackled
  5045 | D:5      | Entered Level 5 of the Dungeon
  5045 | D:5      | Noticed an ice beast
  5062 | D:4      | Killed an ice beast
  5063 | D:4      | Reached skill level 2 in Air Magic
  5179 | D:4      | Reached XP level 7. HP: 39/44 MP: 10/10
  5413 | D:5      | Reached skill level 5 in Dodging
  5413 | D:5      | Reached skill level 3 in Air Magic
  5418 | D:5      | Reached skill level 5 in Fighting
  5615 | D:5      | Reached skill level 4 in Air Magic
  5620 | D:5      | Reached XP level 8. HP: 50/50 MP: 11/13
  5706 | D:5      | Found Fuullor's Mayhem Merchandise.
  6081 | D:6      | Reached skill level 5 in Air Magic
  6457 | D:6      | Reached skill level 6 in Air Magic
  6517 | D:6      | Reached XP level 9. HP: 41/56 MP: 16/16
  7011 | D:6      | Killed an unseen horror
  7203 | D:6      | Noticed a two-headed ogre
  7215 | D:6      | Killed a two-headed ogre
  7216 | D:6      | Reached skill level 5 in Spellcasting
  7216 | D:6      | Reached skill level 7 in Air Magic
  7933 | D:7      | Noticed a two-headed ogre
  7958 | D:7      | Killed a two-headed ogre
  7959 | D:7      | Reached skill level 8 in Air Magic
  7959 | D:7      | Reached XP level 10. HP: 64/64 MP: 19/19
  8492 | D:7      | You are sucked into a shaft and drop 3 floors!
  8492 | D:10     | Entered Level 10 of the Dungeon
  8492 | D:10     | Found Fotidyrgh's Neck Hole.
  8527 | D:10     | Identified a scroll of acquirement
  8527 | D:10     | Acquired the Handbook of Dusty Air
  8817 | D:10     | Noticed a two-headed ogre
  8913 | D:9      | Reached skill level 9 in Air Magic
  9901 | D:8      | Noticed a kobold demonologist
 10003 | D:8      | Killed a kobold demonologist
 10082 | D:8      | Reached skill level 10 in Air Magic
 10156 | D:8      | Learned a level 5 spell: Freezing Cloud
 10297 | D:9      | Reached XP level 11. HP: 69/69 MP: 22/22
 10304 | D:9      | Found a staircase to the Lair.
 11000 | D:9      | Noticed a boulder beetle
 11163 | D:9      | Noticed zeratav's ghost (novice OpCj)
 11465 | D:9      | Killed a boulder beetle
 11466 | D:9      | Reached skill level 1 in Conjurations
 11546 | D:9      | Reached skill level 10 in Dodging
 11548 | D:9      | Found a runed translucent gate.
 11558 | D:9      | Found a runed translucent gate.
 11558 | D:9      | Found a runed translucent gate.
 11695 | D:9      | Found an ancient bone altar of Kikubaaqudgha.
 11743 | D:9      | Reached skill level 1 in Ice Magic
 11846 | D:9      | Noticed Amaemon
 12006 | D:9      | Killed Amaemon
 12186 | D:9      | Learned a level 1 spell: Foxfire
 12351 | Lair:1   | Entered Level 1 of the Lair of Beasts
 12382 | Lair:1   | Noticed a seven-headed hydra
 12390 | Lair:1   | Killed a seven-headed hydra
 12729 | Lair:1   | Reached skill level 11 in Air Magic
 12846 | Lair:1   | Reached skill level 1 in Evocations
 14089 | Lair:2   | Reached XP level 12. HP: 77/77 MP: 11/24
 14262 | Lair:2   | Found a staircase to the Snake Pit.
 14300 | Lair:2   | Reached skill level 5 in Conjurations
 14912 | Lair:2   | Learned a level 5 spell: Fireball
 15583 | Lair:3   | Reached skill level 1 in Fire Magic
 15665 | Lair:3   | Found a staircase to the Shoals.
 16144 | Lair:3   | Reached skill level 10 in Fighting
 17704 | Lair:4   | Identified the +1 robe of Refuge {Str+3}
 17857 | Lair:4   | Reached * piety under Ashenzari
 18365 | Lair:4   | Reached skill level 5 in Ice Magic
 18893 | Lair:5   | Noticed Sonja
 18897 | Lair:5   | Killed Sonja
 19010 | Lair:5   | Found a staircase to the Slime Pits.
 19010 | Lair:5   | Found a viscous altar of Jiyva.
 19299 | Lair:6   | Entered Level 6 of the Lair of Beasts
 19378 | Lair:6   | Noticed a boulder beetle
 19397 | Lair:5   | Killed a boulder beetle
 19398 | Lair:5   | Reached skill level 1 in Poison Magic
 19964 | Lair:6   | Reached XP level 13. HP: 47/82 MP: 7/26
 19974 | Lair:6   | Reached skill level 1 in Shields
 20059 | Lair:6   | Reached skill level 1 in Transmutations
 20069 | Lair:6   | Reached skill level 1 in Earth Magic
 20214 | Lair:6   | Reached skill level 12 in Air Magic
 21271 | Lair:6   | Noticed Rupert
 21397 | Lair:5   | Learned a level 6 spell: Iron Shot
 21973 | Lair:6   | Paralysed by Rupert for 4 turns
 21981 | Lair:6   | Annihilated by Rupert

Illustrated notes

Levels and vault maps discovered:
D:1:      dpeg_arrival_rooms_with_view, layout_loops_ring,
          shapermc_ecumenical_altar_gd, serial_shops, nicolae_shop_stone,
          shop_statue, shop, nicolae_diamond_shop, shop_statue
D:2:      layout_basic
D:3:      layout_rooms
D:4:      layout_rooms, lemuel_temple_firewalk_a, gammafunk_ghost_arena,
          serial_shops, shop, nicolae_shop_window_shopping,
          nicolae_lakefront_shop, shop, shop_statue, uniq_robin
D:5:      layout_basic, minmay_shop_mayhem
D:6:      minmay_cornered_nines, layout_basic
D:7:      layout_basic, minmay_microvault
D:8:      layout_cave_pools, special_room [special_room_kobold],
          minmay_misc_feat_four_crosses, grunt_decor_arrowhead, kennysheep_nub,
          minivault_19
D:9:      layout_basic, lemuel_round_altar, due_lair_maze_entry_diamond,
          gammafunk_ghost_icy, hangedman_minor_gate_pass, uniq_amaemon
D:10:     layout_basic, zombieorc1_lemuel, nicolae_shop_sticking_my_neck_out
Temple:   mainiacjoe_temple_circle_huts
Lair:1:   layout_chaotic_city, grunt_megastairs_1
Lair:2:   layout_small_grid, minmay_snake_entry_guardpost_small,
          minmay_stone_trees_medium
Lair:3:   layout_misc_corridors, minmay_shoals_entry_beasts,
          serial_bayou_shore_b
Lair:4:   layout_cave_shapes
Lair:5:   layout_gridlike, slime_altar_1, grunt_megastairs_2, uniq_sonja
Lair:6:   hangedman_lair_tendril_chambers, layout_regular_city,
          guppyfry_lair_end_dragon, minivault_27, nicolae_lair_yak_garden,
          infiniplex_staircase_pool_2, uniq_rupert

Skill      XL: |  1  2  3  4  5  6  7  8  9 10 11 12 13 |
---------------+----------------------------------------+-----
Dodging        | 2 3 4 5 6 8 9 10 | 10.5
Fighting       | 3 4 5 6 7 8 9 10 | 10.5
Air Magic      | 1 2 4 6 8 10 11 12 | 12.2
Spellcasting   | 1 2 4 5 7 8 |  8.7
Conjurations   | 4 7 8 |  8.7
Ice Magic      | 3 5 6 |  6.0
Evocations     | 1 3 4 |  4.0
Fire Magic     | 2 3 |  3.6
Poison Magic   | 1 2 |  2.0
Shields        | 2 |  2.0
Transmutations | 1 |  1.8
Earth Magic    | 1 |  1.7
Short Blades   | |  2.1
Throwing       | |  2.0
Stealth        | |  4.7

Action                   |  1- 3 |  4- 6 |  7- 9 | 10-12 | 13-15 || total
-------------------------+-------+-------+-------+-------+-------++-------
Melee: Dagger            |    75 |   101 |   155 |   356 |    73 ||   760
       Kick              |    19 |    43 |    70 |   147 |    32 ||   311
       Peck              |     5 |    26 |    47 |    94 |    27 ||   199
       Spear             |       |    73 |       |       |       ||    73
       Mace              |       |       |       |    14 |       ||    14
Throw: Dart              |       |       |    10 |    43 |     3 ||    56
       Throwing net      |       |       |       |     4 |       ||     4
 Cast: Airstrike         |       |       |       |   218 |    70 ||   288
       Foxfire           |       |       |       |     4 |       ||     4
       Freezing Cloud    |       |       |       |       |     8 ||     8
Invok: Curse Item        |       |       |       |     2 |       ||     2
Evoke: Wand              |       |       |       |       |     7 ||     7
       Condenser vane    |       |       |       |       |     1 ||     1
  Use: Potion            |       |     5 |       |     1 |     3 ||     9
       Scroll            |       |     4 |       |    21 |       ||    25
 Stab: Sleeping          |    14 |     4 |     6 |     2 |       ||    26
Armor: Robe              |     8 |     7 |       |       |       ||    15
       Ring mail         |       |    55 |    29 |    78 |    18 ||   180
Dodge: Dodged            |    32 |   125 |    93 |   319 |    68 ||   637
Block: Buckler           |       |    23 |    29 |    81 |    17 ||   150

Table legend: (Time is in decaauts)
 A = Elapsed time spent in this place.
 B = Non-inter-level travel time spent in this place.
 C = Inter-level travel time spent in this place.
 D = Time resting spent in this place.
 E = Time spent auto-exploring this place.
 F = Levels seen in this place.
 G = Mean time per level.
                   A        B        C        D        E       F      G
               +--------+--------+--------+--------+--------+-----+--------+
         Total |  21113 |  20477 |    636 |   8032 |   8003 |  17 | 1241.9 |
       Dungeon |  11732 |  11390 |    342 |   4044 |   4267 |  10 | 1173.2 |
        Temple |    110 |     91 |     19 |      0 |     69 |   1 |  110.0 |
          Lair |   9270 |   8996 |    274 |   3988 |   3666 |   6 | 1545.0 |
               +--------+--------+--------+--------+--------+-----+--------+

Top non-repeatable levels by time:
  Lair:5: 3269 daAuts
     D:9: 2147 daAuts
     D:4: 1749 daAuts
  Lair:2: 1675 daAuts
     D:6: 1667 daAuts
     D:1: 1341 daAuts
  Lair:1: 1263 daAuts
  Lair:4: 1191 daAuts
  Lair:3: 1135 daAuts
     D:3: 1039 daAuts
     D:8: 1033 daAuts
     D:2: 992 daAuts
     D:7: 893 daAuts
  Lair:6: 735 daAuts
     D:5: 521 daAuts
